 Dungeon Crawl Stone Soup version 0.25-a0-503-ge281fa673e (webtiles) character file.

Game seed: 7880994233798494678, levelgen mode: classic

25 EnegeticOcto the Covered (level 2, 27/27 HPs)
             Began as a Deep Dwarf Fighter on Feb 13, 2020.
             Was a Believer of Lugonu.
             Quit the game on level 2 of the Dungeon.
             The game lasted 00:00:22 (313 turns).

EnegeticOcto the Covered (Deep Dwarf Fighter)        Turns: 313, Time: 00:00:22

Health: 27/27      AC:  6    Str: 19    XL:     2   Next: 86%
Magic:  2/2        EV:  7    Int:  8    God:    Lugonu [**....]
Gold:   12         SH:  9    Dex: 12    Spells: 1/1 levels left

rFire    . . .     SeeInvis .   a - +0 war axe
rCold    . . .     Gourm    .   c - +0 kite shield
rNeg     . . .     Faith    .   b - +0 scale mail
rPois    .         Spirit   .   (no helmet)
rElec    .         Reflect  .   (no cloak)
rCorr    .         Harm     .   (no gloves)
MR       .....                  (no boots)
Stlth    ..........             (no amulet)
HPRegen  0.00/turn              (no ring)
MPRegen  0.08/turn              (no ring)

@: mildly poisoned (27 -> 27), non-regenerating
A: damage resistance, heal wounds, sense surroundings 1, no regeneration
a: Heal Wounds, Depart the Abyss, Bend Space, Renounce Religion


You were on level 2 of the Dungeon.
You worshipped Lugonu.
Lugonu was pleased with you.
You were not hungry.

You visited 1 branch of the dungeon, and saw 2 of its levels.

You collected 12 gold pieces.

Inventory:

Hand Weapons
 a - a +0 war axe (weapon)
Armour
 b - a +0 scale mail (worn)
 c - a +0 kite shield (worn)
Jewellery
 h - an uncursed amulet of regeneration {unknown}
 o - an uncursed amulet of guardian spirit {unknown}
Scrolls
 k - a scroll of immolation {unknown}
Potions
 d - a potion of might {@q3}
 f - 2 potions of cancellation {unknown}
 g - a potion of flight {unknown}
 j - 2 potions of agility {unknown}
 l - a potion of mutation {unknown}
 m - a potion of lignification {unknown}
 n - 2 potions of haste {unknown}
Comestibles
 e - a ration
 i - 5 chunks of flesh


   Skills:
 + Level 2.8 Fighting
 * Level 2.8 Axes
 + Level 3.5 Armour
 + Level 0.9 Dodging
 + Level 3.5 Shields


You had one spell level left.
You didn't know any spells.
Your spell library was empty.

Dungeon Overview and Level Annotations

Branches:
Dungeon (2/15)

Altars:
Lugonu


Innate Abilities, Weirdness & Mutations

You are resistant to damage.
You can heal yourself by infusing magical energy.
You passively map a small area around you.
You do not regenerate.


Message History

No target in view!
j - 2 dark potions
k - a scroll labeled POOLLITZUF No target in view!
No target in view!
No target in view!
No target in view!
No target in view!
No target in view!
You now have 12 gold pieces.
l - a fuming cyan potion
m - a lumpy cyan potion No target in view!
No target in view!
No target in view!
No target in view!
Found an embroidered robe.
A frilled lizard comes into view.
The frilled lizard hisses angrily.
A frilled lizard is nearby!
The frilled lizard bites you.
You hit the frilled lizard.
You kill the frilled lizard!
No target in view!
No target in view!
No target in view!
No target in view!
No target in view!
No target in view!
A giant cockroach comes into view.
Things that are here:
an embroidered robe; a frilled lizard corpse A giant cockroach is nearby!
The giant cockroach closely misses you.
You hit the giant cockroach.
The giant cockroach is severely wounded.
You block the giant cockroach's attack.
The giant cockroach bites you but does no damage.
You hit the giant cockroach.
You kill the giant cockroach!
No target in view!
No target in view!
No target in view!
No target in view!
No target in view!
You butcher the giant cockroach corpse.
i - 4 chunks of flesh (gained 1)
You butcher the frilled lizard corpse.
i - 5 chunks of flesh (gained 1)
Things that are here:
an embroidered robe; a frilled lizard skeleton
Things that are here:
an embroidered robe; a frilled lizard skeleton
n - 2 blue potions
Found a chain mail.
Found a faded altar of an unknown god.
No target in view!
No target in view!
No target in view!
No target in view!
No target in view!
No target in view!
No target in view!
No target in view!
No target in view!
An adder comes into view.
The adder hisses angrily.
You block the adder's attack. The adder bites you but does no damage.
Found a short sword.
The adder bites you.
Found 12 stones.
You miss the adder. The adder bites you.
You are poisoned.
The adder poisons you! You block the adder's attack.
You completely miss the adder. You block the adder's attack.
The adder barely misses you.
You slash the adder!
The adder is severely wounded.
The adder bites you but does no damage. The adder bites you.
You closely miss the adder.
The adder is severely wounded.
The adder barely misses you. You block the adder's attack.
You hit the adder.
You kill the adder!
No target in view!
No target in view!
No target in view!
No target in view!
No target in view!
No target in view!
No target in view!
No target in view!
o - a small peridot amulet
There is a faded altar of an unknown god here.
You cannot tell which god this altar belongs to.
Convert to them anyway?
Okay, then.
You cannot tell which god this altar belongs to.
Convert to them anyway?
Lugonu accepts your prayer! Lugonu welcomes you!
You can now depart the Abyss.
You can now bend space around yourself.
Are you sure you want to abandon this character and quit the game? (Confirm with "yes".)

## #######* * #.
..,........ #.*##.##
#.(...# * , , ,
#.##..(# #......, , ,
#.##...# #.(...### , ,
#.##...###.......# , ,
#............8...###.#
*
#...........8.8......#
* *
#.<........8.@.8†##..#*
, , #..#...###..8[8..#
..# * #..#...#
#...8...# ,*.#* * *≈
####..#...# #.......# #
#.....#########.#.#.# *
#.###.# #......#..)....
#.# #.# #.#####.###.###
*≈ #.# #.# #.# #.# #.#
, #.# #.###.#####.# .#


There were no monsters in sight!

Vanquished Creatures
  An adder (D:2)
  An ooze (D:1)
  A dart slug (D:1)
  A bat (D:1)
  2 giant cockroaches (D:2)
  3 hobgoblins (D:1)
  A frilled lizard (D:2)
10 creatures vanquished.

Notes
Turn   | Place    | Note
-------+----------+-------------------------------------------
     0 | D:1      | EnegeticOcto the Deep Dwarf Fighter began the quest for the
                  | Orb.
     0 | D:1      | Reached XP level 1. HP: 20/20 MP: 1/1
   118 | D:1      | Reached XP level 2. HP: 27/27 MP: 2/2
   295 | D:2      | Found a faded altar of an unknown god.
   312 | D:2      | Became a worshipper of Lugonu the Unformed
   312 | D:2      | Reached * piety under Lugonu
   312 | D:2      | Reached ** piety under Lugonu
   313 | D:2      | Quit the game

Levels and vault maps discovered:
D:1:      minmay_arrival_stone_box, layout_basic, minmay_heptomino_w4
D:2:      layout_loops_ring, chequers_ecumenical_altar_simple_redux,
          led_sif_pool

Action                   || total
-------------------------++-------
Melee: War axe           ||    23
Armor: Scale mail        ||    14
Dodge: Dodged            ||     9
Block: Kite shield       ||     8

Table legend:
 A = Non-vault XP
 B = Vault XP
 C = Vault XP percentage of total XP
 D = Non-vault monster count
 E = Vault monster count
 F = Vault count percentage of total count
                 A         B        C        D         E       F
            +---------+---------+-------+---------+---------+-------
      Total |      37 |       0 |   0.0 |      10 |       0 |   0.0
            +---------+---------+-------+---------+---------+-------
        D:1 |      19 |       0 |   0.0 |       6 |       0 |   0.0
        D:2 |      18 |       0 |   0.0 |       4 |       0 |   0.0
            +---------+---------+-------+---------+---------+-------
